 Dungeon Crawl Stone Soup version 0.32-a0-30-gefbe487952 (webtiles) character file.

Game seed: 12592895093313521240

724 shadizar the Shield-Bearer (level 7, -1/60 HPs)
             Began as a Gnoll Fighter on Jan 19, 2024.
             Was an Initiate of Okawaru.
             Slain by a gnoll
             ... wielding a +0 spear
              (6 damage)
             ... on level 4 of the Dungeon.
             The game lasted 00:04:29 (3248 turns).

shadizar the Shield-Bearer (Gnoll Fighter)          Turns: 3248, Time: 00:04:30

Health: -1/60      AC: 10    Str: 18    XL:     7   Next: 71%
Magic:  11/11      EV: 10    Int:  7    God:    Okawaru [......]
Gold:   116        SH:  5    Dex: 11    Spells: 11/11 levels left

rFire   . . .        a - +0 flail
rCold   . . .        c - +0 buckler
rNeg    . . .        b - +0 scale mail
rPois   .            n - +0 helmet
rElec   .            l - +0 cloak
rCorr   .            (no gloves)
SInv    .            (no boots)
Will    .....        (no amulet)
Stlth   +            (no ring)
HPRegen 0.30/turn    (no ring)
MPRegen 0.12/turn

%: no passive effects
@: mighty
A: fangs 1, strong nose, distributed training
a: Renounce Religion


You were on level 4 of the Dungeon.
You worshipped Okawaru.
Okawaru was noncommittal.
You visited 1 branch of the dungeon, and saw 4 of its levels.

You collected 116 gold pieces.

Inventory:

Hand Weapons
 a - a +0 flail (weapon)
Armour
 b - a +0 scale mail (worn)
 c - a +0 buckler (worn)
 l - a +0 cloak (worn)
 n - a +0 helmet (worn)
 x - a +0 chain mail
Jewellery
 j - an amulet of faith
 v - an amulet of the acrobat
Wands
 o - a wand of polymorph (13)
 w - a wand of flame (10)
Scrolls
 e - a scroll of blinking {unknown}
 f - 3 scrolls of teleportation {unknown}
 g - a scroll of vulnerability {unknown}
 h - a scroll of poison {unknown}
 k - a scroll of immolation {unknown}
 m - 5 scrolls of identify {unknown}
 r - a scroll of enchant armour {unknown}
 s - 2 scrolls of noise {unknown}
 t - a scroll of amnesia {unknown}
 u - a scroll of silence {unknown}
Potions
 d - a potion of might
 i - a potion of heal wounds {unknown}
 p - a potion of haste {unknown}
 q - a potion of degeneration {unknown}


   Skills:
 + Level 7.1 Fighting
 + Level 2.7 Short Blades
 + Level 2.7 Long Blades
 + Level 2.7 Axes
 + Level 5.4 Maces & Flails
 + Level 2.7 Polearms
 + Level 2.7 Staves
 + Level 2.7 Ranged Weapons
 + Level 2.7 Throwing
 + Level 7.1 Armour
 + Level 2.7 Dodging
 + Level 2.7 Stealth
 + Level 7.1 Shields
 + Level 2.7 Unarmed Combat
 + Level 2.7 Spellcasting
 + Level 2.2 Conjurations
 + Level 2.2 Hexes
 + Level 2.2 Summonings
 + Level 2.2 Necromancy
 + Level 2.2 Translocations
 + Level 2.2 Fire Magic
 + Level 2.2 Ice Magic
 + Level 2.2 Air Magic
 + Level 2.2 Earth Magic
 + Level 2.2 Alchemy
 + Level 3.0 Invocations
 + Level 2.7 Evocations
 + Level 2.5 Shapeshifting


You had 11 spell levels left.
You didn't know any spells.
Your spell library contained the following spells:

 Spells                   Type           Power      Damage    Failure   Level
 Magic Dart               Conj           16%        1d3       43%         1
 Blink                    Tloc           8%         N/A       58%         2
 Cigotuvi's Dreadful Rot  Necr/Alch/Air  8%         N/A       58%         2
 Lesser Beckoning         Tloc           8%         N/A       58%         2
 Mercury Vapours          Alch/Air       8%         N/A       58%         2
 Gell's Gravitas          Tloc           4%         N/A       82%         3
 Mephitic Cloud           Conj/Alch/Air  4%         N/A       82%         3
 Teleport Other           Tloc           4%         N/A       82%         3
 Dispel Undead            Necr           4%         3d7       99%         4
 Freezing Cloud           Conj/Ice/Air   2%         6-21      100%        5
 Call Imp                 Summ           Unusable   N/A       N/A         2
 Martyr's Knell           Necr/Summ      Unusable   N/A       N/A         4
 Death Channel            Necr           Unusable   N/A       N/A         6

Dungeon Overview and Level Annotations

Branches:
Dungeon (4/15)
 Temple: D:4-7

Altars:
Dithmenos
Hepliaklqana
Okawaru

Shops:
D:3 =[*(

Annotations:
D:3 1 runed translucent door, Crazy Yiuf


Innate Abilities, Weirdness & Mutations

You have very sharp teeth.
Your uncanny sense of smell can sniff out nearby items.
Your experience applies equally to all skills.


Message History

You are too injured to fight recklessly!
You are too injured to fight recklessly!
You are too injured to fight recklessly!
You are too injured to fight recklessly!
You are too injured to fight recklessly!
You are too injured to fight recklessly!
You are too injured to fight recklessly!
You are too injured to fight recklessly!
You are too injured to fight recklessly!
You are too injured to fight recklessly!
You are too injured to fight recklessly!
You are too injured to fight recklessly!
You are too injured to fight recklessly!
You are too injured to fight recklessly!
You are too injured to fight recklessly!
You are too injured to fight recklessly!
You hit the iguana but do no damage.
The iguana is severely wounded.
The gnoll hits you from afar with a +0 spear.
You block the iguana's attack.
You sock the iguana!
You kill the iguana!
Okawaru accepts your kill.
The gnoll hits you from afar with a +0 spear.
* * * LOW HITPOINT WARNING * * *
You block the ogre's attack.
The gnoll hits you but does no damage. x2
You see here a +0 dagger.
You hear the slow hiss of an avalanche of sand nearby.
You hit the ogre but do no damage. You bite the ogre, but do no damage.
The ogre hits you with a +0 giant club!!
* * * LOW HITPOINT WARNING * * *
You hit the ogre. You bite the ogre, but do no damage.
The ogre is lightly wounded.
The ogre closely misses you. The gnoll hits you but does no damage.
You feel very mighty all of a sudden. The ogre misses you.
You sock the ogre!
The ogre is severely wounded.
The gnoll hits you from afar with a +0 spear.
You die...

### ### ... ..# # #
..###.#.# #.#.. ....
#.#.###.##
#........#
#########..##..#
#.KK.gO@......<# #
##.######...#.######
.## #.#
####.........#....
#g#
#.....#...##....#
#K# #.#.#.#......# .
#K# #.#..........#
#.# #.#..>....#..#
#g# #.#.#.#.###.....
#.# #.#.#.#.# .#####


You could see an ogre, a gnoll and 2 kobolds.

Vanquished Creatures
  Grinder (D:4)
  Sigmund (D:3)
  A bombardier beetle (D:3)
  An iguana (D:4)
  Natasha (thrice) (D:2)
  Robin (D:2)
  7 adders
  6 gnolls
  3 ribbon worms (D:2)
  A dart slug (D:4)
  5 orcs (D:3)
  3 ball pythons
  7 bats
  7 endoplasms
  3 giant cockroaches (D:1)
  6 hobgoblins
  11 jackals
  5 kobolds
  6 quokkas
  A frilled lizard (D:1)
  13 goblins
  4 rats
96 creatures vanquished.

Notes
Turn   | Place    | Note
-------+----------+-------------------------------------------
     0 | D:1      | shadizar the Gnoll Fighter began the quest for the Orb.
     0 | D:1      | Reached XP level 1. HP: 23/23 MP: 1/1
   175 | D:1      | Reached XP level 2. HP: 16/29 MP: 2/2
   298 | D:1      | Reached XP level 3. HP: 35/35 MP: 3/3
   404 | D:1      | Reached skill level 1 in Invocations
   684 | D:1      | Found a faded altar of an unknown god.
   915 | D:2      | Reached skill level 1 in Short Blades
   915 | D:2      | Reached skill level 1 in Long Blades
   915 | D:2      | Reached skill level 1 in Axes
   915 | D:2      | Reached skill level 1 in Polearms
   915 | D:2      | Reached skill level 1 in Staves
   915 | D:2      | Reached skill level 1 in Ranged Weapons
   915 | D:2      | Reached skill level 1 in Throwing
   915 | D:2      | Reached skill level 1 in Dodging
   915 | D:2      | Reached skill level 1 in Stealth
   915 | D:2      | Reached skill level 1 in Unarmed Combat
   915 | D:2      | Reached skill level 1 in Spellcasting
   915 | D:2      | Reached skill level 1 in Evocations
  1050 | D:2      | Reached skill level 1 in Shapeshifting
  1050 | D:2      | Reached XP level 4. HP: 36/41 MP: 5/5
  1226 | D:2      | Noticed Robin
  1273 | D:2      | Killed Robin
  1274 | D:2      | Reached skill level 1 in Conjurations
  1274 | D:2      | Reached skill level 1 in Hexes
  1274 | D:2      | Reached skill level 1 in Summonings
  1274 | D:2      | Reached skill level 1 in Necromancy
  1274 | D:2      | Reached skill level 1 in Translocations
  1274 | D:2      | Reached skill level 1 in Fire Magic
  1274 | D:2      | Reached skill level 1 in Ice Magic
  1274 | D:2      | Reached skill level 1 in Air Magic
  1274 | D:2      | Reached skill level 1 in Earth Magic
  1274 | D:2      | Reached skill level 1 in Alchemy
  1297 | D:2      | Noticed Natasha
  1304 | D:2      | Killed Natasha
  1381 | D:2      | Noticed Natasha
  1391 | D:2      | Killed Natasha
  1392 | D:2      | Reached XP level 5. HP: 47/47 MP: 7/7
  1398 | D:2      | Noticed Natasha
  1416 | D:2      | Killed Natasha
  1674 | D:2      | Found a hazy altar of Hepliaklqana.
  2108 | D:3      | Reached XP level 6. HP: 34/53 MP: 8/8
  2297 | D:3      | Reached skill level 5 in Maces & Flails
  2303 | D:3      | Noticed Sigmund
  2307 | D:3      | Found an iron altar of Okawaru.
  2497 | D:3      | Killed Sigmund
  2516 | D:3      | Found Jecsoc's Antique Armour Emporium.
  2518 | D:3      | Became a worshipper of Warmaster Okawaru
  2568 | D:3      | Reached XP level 7. HP: 55/60 MP: 10/10
  2644 | D:3      | Found Juriyved's Jewellery Shoppe.
  2715 | D:3      | Found Xacoar's Antique Weapon Emporium.
  2751 | D:3      | Found Beoqal's Assorted Antiques.
  2806 | D:3      | Found a runed translucent door.
  2807 | D:3      | Noticed Crazy Yiuf
  3039 | D:4      | Noticed Grinder
  3063 | D:4      | Killed Grinder
  3085 | D:4      | Found a shadowy altar of Dithmenos.
  3240 | D:4      | HP: 3/60 [ogre/+0 giant club (26)]
  3248 | D:4      | Slain by a gnoll

Illustrated notes

Levels and vault maps discovered:
D:1:      lemuel_arrival_tunnels, layout_basic, shapermc_ecumenical_altar_ellora
D:2:      layout_loops_corners, basic_altar, uniq_robin, uniq_natasha
D:3:      layout_rooms, okawaru_trees_1, serial_shops, shop,
          nicolae_shop_just_a_little_nook, shop, shop, uniq_crazy_yiuf_cottage,
          uniq_sigmund
D:4:      layout_basic, mainiacjoe_overflow_alcove_4,
          lightli_ossuary_entry_decrepit_ruins, uniq_grinder

Skill      XL: |  1  2  3  4  5  6  7 |
---------------+----------------------+-----
Invocations    | 1 2 3 |  3.0
Short Blades   | 1 2 |  2.7
Long Blades    | 1 2 |  2.7
Axes           | 1 2 |  2.7
Polearms       | 1 2 |  2.7
Staves         | 1 2 |  2.7
Ranged Weapons | 1 2 |  2.7
Throwing       | 1 2 |  2.7
Dodging        | 1 2 |  2.7
Stealth        | 1 2 |  2.7
Unarmed Combat | 1 2 |  2.7
Spellcasting   | 1 2 |  2.7
Evocations     | 1 2 |  2.7
Shapeshifting  | 1 2 |  2.5
Conjurations   | 1 2 |  2.2
Hexes          | 1 2 |  2.2
Summonings     | 1 2 |  2.2
Necromancy     | 1 2 |  2.2
Translocations | 1 2 |  2.2
Fire Magic     | 1 2 |  2.2
Ice Magic      | 1 2 |  2.2
Air Magic      | 1 2 |  2.2
Earth Magic    | 1 2 |  2.2
Alchemy        | 1 2 |  2.2
Maces & Flails | 5 |  5.4
Fighting       | 7 |  7.1
Armour         | 7 |  7.1
Shields        | 7 |  7.1

Action                     |  1- 3 |  4- 6 |  7- 9 || total
---------------------------+-------+-------+-------++-------
  Melee: Flail             |   124 |   217 |    63 ||   404
         Bite              |    18 |    17 |    12 ||    47
         Unarmed           |       |     2 |       ||     2
    Use: Potion            |       |       |     1 ||     1
 Armour: Scale mail        |   108 |   170 |    49 ||   327
         Skin              |       |    15 |       ||    15
  Dodge: Dodged            |    79 |   112 |    24 ||   215
  Block: Buckler           |    55 |    77 |    23 ||   155

Table legend: (Time is in decaauts)
 A = Elapsed time spent in this place.
 B = Non-inter-level travel time spent in this place.
 C = Inter-level travel time spent in this place.
 D = Time resting spent in this place.
 E = Time spent auto-exploring this place.
 F = Levels seen in this place.
 G = Mean time per level.
                   A        B        C        D        E       F      G
               +--------+--------+--------+--------+--------+-----+--------+
         Total |   3332 |   3252 |     80 |      0 |   2288 |   4 |  833.0 |
       Dungeon |   3332 |   3252 |     80 |      0 |   2288 |   4 |  833.0 |
               +--------+--------+--------+--------+--------+-----+--------+

Top non-repeatable levels by time:
     D:2: 1342 daAuts
     D:1: 914 daAuts
     D:3: 809 daAuts
     D:4: 266 daAuts
